 Dungeon Crawl Stone Soup version 0.31.0-1-g2c135a008e (webtiles) character file.

Game seed: 7386489152914575639

254 qw the Shooter (level 6, 0/47 HPs)
             Began as a Djinni Hunter on Jan 23, 2024.
             Slain by a gnoll
             ... wielding a +0 club
              (5 damage)
             ... on level 3 of the Dungeon.
             The game lasted 00:00:12 (1894 turns).

qw the Shooter (Djinni Hunter)                      Turns: 1894, Time: 00:00:12

Health: 0/47       AC:  3    Str: 10    XL:     6   Next: 38%
Gold:   67         EV: 13    Int: 10    God:
                   SH:  0    Dex: 19

rFire   + + .        a - +2 shortbow
rCold   x . .        (shield currently unavailable)
rNeg    . . .        c - +0 leather armour
rPois   inf          (no helmet)
rElec   .            (no cloak)
rCorr   .            (no gloves)
SInv    .            (boots unavailable)
Will    .....        (no amulet)
Stlth   ++           (no ring)
HPRegen 0.27/turn    (no ring)
MPRegen 0.00/turn

%: infuse magic (-1 HP)
@: about to teleport, flying
A: sickness immunity, fire resistance 2, cold vulnerability 1, float, innate
caster, HP casting, extra vitality 1
a: no special abilities


You were on level 3 of the Dungeon.
You visited 1 branch of the dungeon, and saw 3 of its levels.

You collected 67 gold pieces.


Innate Abilities, Weirdness & Mutations

You are immune to sickness and miasma.
You are immune to poison.
Your flesh is very heat resistant. (rF++)
You are vulnerable to cold. (rC-)
You float through the air rather than walking.
You learn spells naturally, not from books.
Your magical power is your life essence.
You have superior vitality. (+4 MHP)


   Skills:
 + Level 3.9 Fighting
 - Level 5.0 Ranged Weapons
 - Level 3.0 Dodging
 - Level 0.7 Stealth


You knew the following spells:

 Your Spells              Type           Power      Damage    Failure   Level
a - Kiss of Death         Conj/Necr      0%         2d5       45%         1
b - Blink                 Tloc           0%         N/A       61%         2
Your spell library was empty.

Inventory:

Hand Weapons
 a - a +2 shortbow (weapon)
Armour
 b - a +0 ring mail
 c - a +0 leather armour (worn)
Jewellery
 e - a ring of fire
Scrolls
 d - a scroll of identify
 f - a scroll of brand weapon {unknown}
Potions
 g - a potion of curing {unknown}

Dungeon Overview and Level Annotations

Branches:
Dungeon (3/15)

Altars:

Shops:
D:2 *


Message History

You hear a shout! x3
A gnoll comes into view. It is wielding a +0 halberd.
The gnoll barely misses you.
You shoot an arrow. The arrow completely misses the gnoll.
The gnoll closely misses you.
The gnoll hits you from afar with a +0 halberd!
You shoot an arrow. The arrow closely misses the gnoll.
The gnoll completely misses you. The gnoll hits you with a +0 flail!
You shoot an arrow. The arrow hits the gnoll.
The gnoll is severely wounded.
The gnoll misses you. The gnoll closely misses you. x2
The gnoll hits you with a +0 flail!
You shoot an arrow.
The arrow hits the gnoll but does no damage.
The gnoll is severely wounded.
The gnoll barely misses you. The gnoll hits you with a +0 flail.
You shoot an arrow. The arrow hits the gnoll!
You kill the gnoll!
The gnoll barely misses you.
You shoot an arrow. The arrow hits the gnoll!
The gnoll is severely wounded.
A gnoll comes into view. It is wielding a +0 whip.
1890 ||| FLEEEEING.
The gnoll moves out of view.
There is a stone staircase leading up here.
You start resting.
A gnoll is nearby!
You shoot an arrow.
The arrow hits the gnoll but does no damage.
The gnoll barely misses you.
You shoot an arrow. The arrow hits the gnoll!
The gnoll is heavily wounded.
The gnoll hits you with a +0 whip. The gnoll completely misses you.
A gnoll comes into view. It is wielding a +0 club.
The gnoll hits you from afar with a +0 halberd!
1894 ||| READING scroll of teleportation.
As you read the scroll of teleportation, it crumbles to dust.
You feel strangely unstable. The gnoll closely misses you.
The gnoll hits you with a +0 club.
You die...

##### #.... ###....
.(....
....################
....##.............###..
........).......ggg.....
....##.#....####@#.#####
....##.#.......#.# #
.......####.##.#.#
.................#
......#####...####
.7..~.# #...# 7...7~#
#...# ~.~.~# #####
.~.7.#


You could see 3 gnolls.

Vanquished Creatures
  2 bombardier beetles
  A scorpion zombie (D:2)
  4 gnolls
  6 adders
  2 adder zombies (D:2)
  3 adder skeletons (D:2)
  2 dart slugs
  A ribbon worm (D:1)
  2 bat skeletons (D:2)
  A bat zombie (D:2)
  3 endoplasms
  5 giant cockroaches
  A goblin (D:1)
  2 hobgoblins (D:1)
  9 kobolds
  7 ball pythons
  2 ball python skeletons (D:2)
  3 ball python zombies (D:2)
  5 bats
  4 frilled lizards (D:1)
  A quokka zombie (D:2)
  6 rats
72 creatures vanquished.

Notes
Turn   | Place    | Note
-------+----------+-------------------------------------------
     0 | D:1      | qw the Djinni Hunter began the quest for the Orb.
     0 | D:1      | Reached XP level 1. HP: 18/18 MP: 0/0
     0 | D:1      | 0 ||| qw: Version: 0.3-a-136-gdd3b4e8
     0 | D:1      | 0 ||| qw: Game counter: 1066
     0 | D:1      | 0 ||| qw: Melee chars always use a shield: true
     0 | D:1      | 0 ||| qw: God list: Okawaru
     0 | D:1      | 0 ||| qw: Allow faded altars: false
     0 | D:1      | 0 ||| qw: Do Orc after clearing Dungeon:15 true
     0 | D:1      | 0 ||| qw: Do second Lair branch before Depths: true
     0 | D:1      | 0 ||| qw: Lair rune preference: random
     0 | D:1      | 0 ||| qw: Goals: Normal
     0 | D:1      | 0 ||| PLANNING D:1-11
    87 | D:1      | Reached XP level 2. HP: 23/23 MP: 0/0
   241 | D:1      | Reached XP level 3. HP: 28/28 MP: 0/0
   241 | D:1      | Learned a level 1 spell: Kiss of Death
   242 | D:1      | Reached skill level 4 in Ranged Weapons
   555 | D:1      | 555 ||| READING scroll labelled PAODAPNESO.
   556 | D:1      | 556 ||| READING scroll labelled RIYMME ICUNG.
   560 | D:1      | 560 ||| READING scroll labelled LEANIK URATZI.
   611 | D:1      | 611 ||| READING scroll labelled GOTZEG FAMA.
   612 | D:1      | 612 ||| READING scroll labelled WOXKELI WUASO.
   613 | D:1      | 613 ||| READING scroll labelled VUULIY DIVETOE.
   614 | D:1      | 614 ||| READING 2 scrolls labelled MIKLI GIMU.
   614 | D:1      | 614 ||| IDENTIFYING 2 fuming emerald potions
   615 | D:1      | 615 ||| READING scroll of identify.
   615 | D:1      | 615 ||| IDENTIFYING scroll labelled RIBEEGHIMAU
   616 | D:1      | 616 ||| DROPPING scroll of butterflies.
   617 | D:1      | 617 ||| DROPPING scroll of vulnerability.
   646 | D:2      | 646 ||| STAIRDANCE
   688 | D:2      | 688 ||| STAIRDANCE
   695 | D:1      | HP: 6/29 [gnoll/+2 flail of draining (5)]
   696 | D:1      | 696 ||| DRINKING 2 potions of heal wounds.
   739 | D:2      | 739 ||| STAIRDANCE
   746 | D:1      | Reached skill level 3 in Fighting
   746 | D:1      | Reached XP level 4. HP: 20/35 MP: 0/0
   813 | D:2      | HP: 4/35 [gnoll/+0 spear (5)]
   813 | D:2      | HP: 1/35 [adder skeleton (3)]
   814 | D:2      | 814 ||| DRINKING potion of heal wounds.
   820 | D:2      | Reached skill level 3 in Dodging
   824 | D:2      | HP: 8/35 [gnoll/+0 spear (4)]
   825 | D:2      | 825 ||| STAIRDANCE
   951 | D:2      | 951 ||| STAIRDANCE
   961 | D:2      | 961 ||| STAIRDANCE
   995 | D:2      | 995 ||| STAIRDANCE
  1022 | D:1      | HP: 8/35 [burnt (1)]
  1027 | D:1      | HP: 5/35 [burnt (1)]
  1030 | D:1      | HP: 2/35 [burnt (2)]
  1172 | D:2      | Reached XP level 5. HP: 34/40 MP: 0/0
  1172 | D:2      | Learned a level 2 spell: Blink
  1200 | D:2      | HP: 10/40 [burnt (1)]
  1381 | D:2      | Found Aweu's General Store.
  1396 | D:2      | 1396 ||| SHOPLISTING +0 ring mail (40 gold, have 21).
  1396 | D:2      | 1396 ||| SHOPLISTING +2 robe of positive energy (147 gold,
                  | have 21).
  1396 | D:2      | 1396 ||| SHOPLISTING 2 scrolls of identify (40 gold, have
                  | 21).
  1396 | D:2      | 1396 ||| SHOPLISTING potion of curing (30 gold, have 21).
  1396 | D:2      | 1396 ||| SHOPLISTING wand of polymorph (8) (112 gold, have
                  | 21).
  1648 | D:2      | Reached skill level 5 in Ranged Weapons
  1649 | D:2      | Reached XP level 6. HP: 46/46 MP: 0/0
  1683 | D:2      | 1683 ||| DROPPING ring of wizardry.
  1684 | D:2      | 1684 ||| READING 2 scrolls of identify.
  1684 | D:2      | 1684 ||| IDENTIFYING scroll labelled DARPHA SUCLOEV
  1685 | D:2      | 1685 ||| READING scroll of enchant weapon.
  1685 | D:2      | 1685 ||| ENCHANTING +0 shortbow.
  1697 | D:3      | Found a faded altar of an unknown god.
  1802 | D:3      | 1802 ||| READING scroll of enchant weapon.
  1802 | D:3      | 1802 ||| ENCHANTING +1 shortbow.
  1890 | D:3      | 1890 ||| FLEEEEING.
  1893 | D:3      | HP: 5/47 [gnoll/+0 halberd (9)]
  1894 | D:3      | 1894 ||| READING scroll of teleportation.
  1894 | D:3      | Slain by a gnoll

Levels and vault maps discovered:
D:1:      dpeg_arrival_oval, layout_basic
D:2:      layout_rooms, serial_shops, shop, serial_undead, serial_undead_d,
          serial_undead_f, serial_undead_d, serial_undead_f, serial_undead_a,
          serial_undead_f
D:3:      layout_basic, nicolae_overflow_squiral, nicolae_ecumenical_pavilion,
          chequers_serial_rivers_marsh, minmay_misc_feat_alley

Skill      XL: |  1  2  3  4  5 |
---------------+----------------+-----
Ranged Weapons | 4 5 |  5.0
Fighting       | 3 |  3.9
Dodging        | 3 |  3.0
Stealth        | |  0.7

Action                     |  1- 3 |  4- 6 || total
---------------------------+-------+-------++-------
   Fire: Shortbow          |    79 |   172 ||   251
    Use: Scroll            |     8 |     4 ||    12
         Potion            |     1 |     1 ||     2
 Armour: Leather armour    |    29 |    79 ||   108
  Dodge: Dodged            |    42 |   120 ||   162

Table legend:
 A = Non-vault XP
 B = Vault XP
 C = Vault XP percentage of total XP
 D = Non-vault monster count
 E = Vault monster count
 F = Vault count percentage of total count
                 A         B        C        D         E       F
            +---------+---------+-------+---------+---------+-------
      Total |     294 |      70 |  19.2 |      57 |      15 |  20.8
            +---------+---------+-------+---------+---------+-------
        D:1 |      74 |       0 |   0.0 |      31 |       0 |   0.0
        D:2 |     126 |      70 |  35.7 |      15 |      15 |  50.0
        D:3 |      94 |       0 |   0.0 |      11 |       0 |   0.0
            +---------+---------+-------+---------+---------+-------
